 Dungeon Crawl Stone Soup version 0.23-a0-396-g5214e5f (webtiles) character file.

63 galech the Skirmisher (level 3, 0/29 HPs)
             Began as a Demonspawn Fighter on Nov 2, 2018.
             Killed from afar by an orc wizard (8 damage)
             ... with a puff of frost
             ... on level 3 of the Dungeon.
             The game lasted 00:01:29 (1367 turns).

galech the Skirmisher (Demonspawn Fighter)          Turns: 1367, Time: 00:01:30

Health: 0/29       AC:  8    Str: 16    XL:     3   Next: 87%
Magic:  3/3        EV:  6    Int:  9    God:
Gold:   62         SH:  8    Dex: 13    Spells: 2/2 levels left

rFire    . . .     SeeInvis .   a - +0 war axe
rCold    . . .     Gourm    .   c - +0 shield
rNeg     . . .     Faith    .   b - +0 scale mail
rPois    .         Spirit   .   (no helmet)
rElec    .         Reflect  .   (no cloak)
rCorr    .         Harm     .   (no gloves)
MR       .....                  (no boots)
Stlth    ..........             (no amulet)
HPRegen  0.09/turn              (no ring)
MPRegen  0.08/turn              (no ring)

@: drained
A: hooves 1, slimy green scales 1
a: no special abilities


You were on level 3 of the Dungeon.
You were hungry.

You visited 1 branch of the dungeon, and saw 3 of its levels.

You collected 62 gold pieces.

Inventory:

Hand Weapons
 a - a +0 war axe (weapon)
Armour
 b - a +0 scale mail (worn)
 c - a +0 shield (worn)
Scrolls
 h - 2 scrolls of identify {unknown}
Potions
 d - a potion of might
Comestibles
 f - 3 rations


   Skills:
 + Level 3.3(2.4) Fighting
 + Level 2.6(1.6) Axes
 + Level 2.9(2.0) Armour
 + Level 1.3(0.4) Dodging
 + Level 3.1(2.1) Shields


You had 2 spell levels left.
You didn't know any spells.
Your spell library was empty.

Dungeon Overview and Level Annotations

Branches:
Dungeon (3/15)

Altars:
Nemelex Xobeh


Innate Abilities, Weirdness & Mutations

You have large cloven feet.
You are partially covered in slimy green scales. (AC +2)


Message History

You hit the orc but do no damage. You kick the orc.
The orc is moderately wounded.
You closely miss the orc wizard.
A leopard gecko comes into view.
The orc hits you from afar with a +0 trident.
You block the orc's attack.
The orc wizard hits you but does no damage.
The orc hits you from afar with a +0 trident.
You slash the orc!
You kill the orc!
Your shield prevents you from hitting the orc wizard.
You slash the leopard gecko!
You kill the leopard gecko!
The orc wizard casts a spell at you. The puff of flame hits you!
* * * LOW HITPOINT WARNING * * *
You block the orc's attack.
The orc wizard gestures at you while chanting.
The puff of frost hits you!
You die...

######
.#.....##
......<<#
......o@#
#......)#
#....o...
#.#####.##
# ..# .##
. ..


You could see an orc wizard and an orc.

Vanquished Creatures
  3 adders
  A worm (D:2)
  A dart slug (D:2)
  2 leopard geckos
  2 orcs (D:3)
  2 ball pythons
  3 bats
  2 hobgoblins (D:1)
  2 jackals (D:1)
  A quokka (D:2)
  A frilled lizard (D:1)
  3 kobolds
  4 rats
27 creatures vanquished.

Notes
Turn   | Place    | Note
-------+----------+-------------------------------------------
     0 | D:1      | galech the Demonspawn Fighter began the quest for the Orb.
     0 | D:1      | Reached XP level 1. HP: 18/18 MP: 1/1
   176 | D:1      | Gained mutation: You are partially covered in slimy green
                  | scales. (AC +2) [demonic ancestry]
   176 | D:1      | Reached XP level 2. HP: 23/24 MP: 2/2
   395 | D:1      | You fall through a shaft!
   544 | D:2      | Gained mutation: You have large cloven feet. [demonic
                  | ancestry]
   544 | D:2      | Reached XP level 3. HP: 14/29 MP: 3/3
   601 | D:2      | Found a sparkling altar of Nemelex Xobeh.
   711 | D:2      | Noticed an orc warrior
   764 | D:1      | Reached skill level 1 in Dodging
  1367 | D:3      | Killed from afar by an orc wizard

Vault maps used:
D:1:      kennysheep_arrival_forest, grunt_decor_arrowhead
D:2:      chequers_ecumenical_altar_simple, serial_forest,
          infiniplex_forest_clump_curved, infiniplex_forest_clump_diagonal,
          infiniplex_forest_corner_1, infiniplex_forest_clump_double,
          nemelex_xobeh_ov_fountains_minmay, uniq_sigmund
D:3:      minmay_cut_off

Skill      XL: |  1  2  3 |
---------------+----------+-----
Axes           | 2 |  2.6
Shields        | 3 |  3.1
Dodging        | 1 |  1.3
Fighting       | |  3.3
Armour         | |  2.9

Action                   || total
-------------------------++-------
Melee: War axe           ||    98
       Kick              ||     7
  Use: Potion            ||     1
  Eat: Chunk             ||     1
Armor: Scale mail        ||    68
Dodge: Dodged            ||    22
Block: Shield            ||    62

Table legend:
 A = Non-vault XP
 B = Vault XP
 C = Vault XP percentage of total XP
 D = Non-vault monster count
 E = Vault monster count
 F = Vault count percentage of total count
                 A         B        C        D         E       F
            +---------+---------+-------+---------+---------+-------
      Total |      90 |       0 |   0.0 |      27 |       0 |   0.0
            +---------+---------+-------+---------+---------+-------
        D:1 |      35 |       0 |   0.0 |      13 |       0 |   0.0
        D:2 |      46 |       0 |   0.0 |      11 |       0 |   0.0
        D:3 |       9 |       0 |   0.0 |       3 |       0 |   0.0
            +---------+---------+-------+---------+---------+-------
